 Dungeon Crawl Stone Soup version 0.28-a0-69-g49dcd67cf8 (webtiles) character file.

Game seed: 18421341030466703193

443 Leeroy the Slasher (level 6, -3/44 HPs)
             Began as a Demonspawn Gladiator on July 31, 2021.
             Was an Initiate of Qazlal.
             Slain by a gnoll (8 damage)
             ... on level 5 of the Dungeon.
             The game lasted 00:07:32 (4993 turns).

Leeroy the Slasher (Demonspawn Gladiator)           Turns: 4993, Time: 00:07:35

Health: -3/44      AC:  7    Str: 17    XL:     6   Next: 71%
Magic:  6/6        EV: 12    Int: 13    God:    Qazlal [......]
Gold:   193        SH:  0    Dex: 18    Spells: 4/5 levels left

rFire   . . .      SeeInvis +   a - +0 long sword
rCold   + . .      Faith    .   (no shield)
rNeg    . . .      Spirit   .   x - +1 ring mail {rPois}
rPois   +          Reflect  .   c - +0 helmet
rElec   +          Harm     .   y - scarf {repulsion}
rCorr   .          Rampage  .   (no gloves)
Will    .....                   (no boots)
Stlth   +.........              (no amulet)
HPRegen 0.14/turn               p - ring "Doase" {rElec rC+ Int+4 Dex+4 SInv}
MPRegen 0.10/turn               t - ring of wizardry

@: lethally poisoned (-3 -> -7), repel missiles
A: talons 2, foul stench 1, powered by death 2
a: Renounce Religion


You were on level 5 of the Dungeon.
You worshipped Qazlal.
Qazlal was noncommittal.
You visited 2 branches of the dungeon, and saw 6 of its levels.

You collected 193 gold pieces.

Inventory:

Hand Weapons
 a - a +0 long sword (weapon)
 i - a +6 mace of holy wrath
 m - a +0 long sword
 n - a +1 dagger of freezing
 w - a +2 mace of protection
Missiles
 d - 3 throwing nets
 e - 20 poisoned darts (quivered)
 f - 8 boomerangs
Armour
 b - a +0 leather armour
 c - a +0 helmet (worn)
 x - a +1 ring mail of poison resistance (worn)
 y - a scarf of repulsion (worn)
Jewellery
 p - the ring "Doase" (left hand) {rElec rC+ Int+4 Dex+4 SInv}
   (You took it off an orc on level 4 of the Dungeon)

   [ring of protection from cold]

   Int:       It affects your intelligence (+4).
   Dex:       It affects your dexterity (+4).
   rC:        It protects you from cold.
   rElec:     It insulates you from electricity.
   SInv:      It lets you see invisible.
 t - a ring of wizardry (right hand)
Wands
 r - a wand of acid (7)
Scrolls
 g - 2 scrolls of fog
 h - a scroll of blinking {unknown}
 j - a scroll of identify
 k - a scroll of enchant weapon {unknown}
 l - a scroll of summoning {unknown}
 v - a scroll of holy word {unknown}
Potions
 o - a potion of mutation {unknown}
 q - a potion of berserk rage {unknown}
 s - a potion of resistance
 u - a potion of heal wounds {unknown}


   Skills:
 - Level 2.0 Fighting
 + Level 7.0 Long Blades
 - Level 1.7 Throwing
 - Level 2.6 Dodging


You had 4 spell levels left.
You knew the following spells:

 Your Spells              Type           Power      Damage    Failure   Level
a - Magic Dart            Conj           0%         1d3       22%         1

Your spell library contained the following spells:

 Spells                   Type           Power      Damage    Failure   Level
 Call Imp                 Summ           0%         N/A       32%         2
 Ensorcelled Hibernation  Hex/Ice        0%         N/A       32%         2
 Mephitic Cloud           Conj/Pois/Air  0%         N/A       52%         3
 Spider Form              Tmut/Pois      0%         N/A       52%         3
 Stone Arrow              Conj/Erth      0%         3d7       52%         3
 Bolt of Magma            Conj/Fire/Erth 0%         4d4       99%         5
 Shadow Creatures         Summ           N/A        N/A       100%        6
 Shatter                  Erth           0%         3d5*      100%        9


Dungeon Overview and Level Annotations

Branches:
Dungeon (5/15)             Temple (1/1) D:4

Altars:
Dithmenos
Elyvilon
Gozag
Hepliaklqana
Kikubaaqudgha
Nemelex Xobeh
Okawaru
Qazlal
Ru
Sif Muna
Trog
Uskayaw
Vehumet
Wu Jian
Xom

Shops:
D:3 (


Innate Abilities, Weirdness & Mutations

You have razor-sharp toenails.
You may rarely emit foul miasma when damaged in melee.
You regenerate health from kills.


Message History

The gnoll misses you.
You hit the gnoll.
The gnoll is moderately wounded.
You feel very sick. The gnoll hits you but does no damage.
You are more poisoned.
The gnoll closely misses you.
You slash the gnoll! Your kick misses the gnoll.
The gnoll is severely wounded.
You feel very sick.
The gnoll hits you with a +2 spear of venom.
The gnoll barely misses you.
You are too injured to fight recklessly!
You are too injured to fight recklessly!
You closely miss the gnoll. You claw the gnoll.
You kill the gnoll!
Qazlal accepts your kill.
You feel sick. The gnoll barely misses you.
The bullfrog skeleton hits you but does no damage.
You feel sick. The gnoll hits you with a +0 halberd!
* * * LOW HITPOINT WARNING * * *
The gnoll misses you.
Things that are here:
a +2 spear of venom; a gnoll corpse You hit the bullfrog skeleton.
You claw the bullfrog skeleton.
The bullfrog skeleton is moderately damaged.
You feel sick. The bullfrog skeleton hits you.
* * * LOW HITPOINT WARNING * * *
The gnoll barely misses you.
The gnoll hits you from afar with a +0 spear.
* * * LOW HITPOINT WARNING * * *
As you read the scroll labelled MOUMUNL XAXZY, it crumbles to dust.
It is a scroll of identify.
g - 2 scrolls of fog
* * * LOW HITPOINT WARNING * * *
You feel sick. The bullfrog skeleton misses you.
You riposte.
You slash the bullfrog skeleton! You claw the bullfrog skeleton.
The bullfrog skeleton is severely damaged.
The gnoll hits you with a +0 halberd!
You die...

### ..# #.# #.#
#)# #g# #g# #@#
...####Z####...
......)<.......
...##########..


You could see 2 gnolls and a bullfrog skeleton.

Vanquished Creatures
  An ogre (D:4)
  A scorpion (D:4)
  An orc priest (D:4)
  2 orc wizards (D:4)
  7 adders
  6 gnolls
  An adder skeleton (D:4)
  3 worms
  2 dart slugs
  4 orcs
  5 endoplasms
  6 giant cockroaches
  7 goblins
  8 hobgoblins
  7 jackals
  3 quokkas
  10 ball pythons
  5 bats
  6 frilled lizards
  3 kobolds
  5 rats
93 creatures vanquished.

Vanquished Creatures (others)
  A withered plant (D:2)
1 creature vanquished.

Grand Total: 94 creatures vanquished

Notes
Turn   | Place    | Note
-------+----------+-------------------------------------------
     0 | D:1      | Leeroy the Demonspawn Gladiator began the quest for the
                  | Orb.
     0 | D:1      | Reached XP level 1. HP: 16/16 MP: 1/1
   112 | D:1      | Reached skill level 3 in Long Blades
   120 | D:1      | Gained mutation: You regenerate a little health from kills.
                  | [demonic ancestry]
   120 | D:1      | Reached XP level 2. HP: 12/22 MP: 2/2
   600 | D:1      | Learned a level 1 spell: Magic Dart
   998 | D:1      | Gained mutation: You regenerate health from kills. [demonic
                  | ancestry]
   998 | D:1      | Reached XP level 3. HP: 27/27 MP: 3/3
  1112 | D:2      | Reached skill level 4 in Long Blades
  1219 | D:2      | Found a faded altar of an unknown god.
  1668 | D:2      | Gained mutation: You have sharp toenails. [demonic
                  | ancestry]
  1668 | D:2      | Reached XP level 4. HP: 23/33 MP: 2/4
  2289 | D:3      | Reached skill level 5 in Long Blades
  2484 | D:3      | Found Kaimpus's Antique Weapon Emporium.
  2568 | D:3      | Gained mutation: You may rarely emit foul miasma when
                  | damaged in melee. [demonic ancestry]
  2568 | D:3      | Reached XP level 5. HP: 29/38 MP: 5/5
  3297 | D:4      | Identified the ring "Doase" {rElec rC+ Int+4 Dex+4 SInv}
  3320 | D:4      | Reached skill level 6 in Long Blades
  3330 | D:4      | Gained mutation: You have razor-sharp toenails. [demonic
                  | ancestry]
  3330 | D:4      | Reached XP level 6. HP: 22/44 MP: 6/6
  4012 | D:4      | Found a staircase to the Ecumenical Temple.
  4020 | Temple   | Entered the Ecumenical Temple
  4295 | Temple   | Became a worshipper of Qazlal Stormbringer
  4981 | D:5      | Entered Level 5 of the Dungeon
  4985 | D:5      | Reached skill level 7 in Long Blades
  4993 | D:5      | Slain by a gnoll

Illustrated notes

Levels and vault maps discovered:
D:1:      erik_arrival_blinker_ship, layout_basic
D:2:      layout_basic, shapermc_ecumenical_altar_flowoftime
D:3:      layout_loops_cross, serial_shops, shop, minmay_shallow_snake_nest
D:4:      layout_basic, minmay_temple_entry_junction,
          hangedman_abyss_or_decor_passed
D:5:      layout_loops_corners, general_overflow_altar,
          overflow_temple_1_default, grunt_decor_resistance,
          minmay_misc_feat_rows, uniq_blork_the_orc
Temple:   regret_index_temple_generic_petals

Skill      XL: |  1  2  3  4  5  6 |
---------------+-------------------+-----
Long Blades    | 3 4 5 6 7 |  7.0
Fighting       | |  2.0
Throwing       | |  1.7
Dodging        | |  2.6

Action                   |  1- 3 |  4- 6 || total
-------------------------+-------+-------++-------
Melee: Long sword        |   100 |   131 ||   231
       Kick              |       |    33 ||    33
Throw: Dart              |     5 |       ||     5
  Use: Potion            |     2 |     2 ||     4
       Scroll            |       |     1 ||     1
 Stab: Sleeping          |     1 |     1 ||     2
Armor: Leather armour    |    35 |    26 ||    61
       Skin              |     4 |     4 ||     8
       Ring mail         |       |     5 ||     5
Dodge: Dodged            |    77 |    81 ||   158
       Rpst.: Long sword |    27 |    22 ||    49

Table legend: (Time is in decaauts)
 A = Elapsed time spent in this place.
 B = Non-inter-level travel time spent in this place.
 C = Inter-level travel time spent in this place.
 D = Time resting spent in this place.
 E = Time spent auto-exploring this place.
 F = Levels seen in this place.
 G = Mean time per level.
                   A        B        C        D        E       F      G
               +--------+--------+--------+--------+--------+-----+--------+
         Total |   5027 |   4487 |    540 |    448 |   3386 |   6 |  837.8 |
       Dungeon |   4728 |   4262 |    466 |    448 |   3164 |   5 |  945.6 |
        Temple |    298 |    224 |     74 |      0 |    222 |   1 |  298.0 |
               +--------+--------+--------+--------+--------+-----+--------+

Top non-repeatable levels by time:
     D:4: 1784 daAuts
     D:1: 1068 daAuts
     D:3: 935 daAuts
     D:2: 928 daAuts
  Temple: 298 daAuts
     D:5: 12 daAuts
